[Event "RUS-chT Rapid Men 2018"]
[Site "Sochi"]
[Date "2018.10.08"]
[Round "3"]
[White "Chigaev, Maksim"]
[Black "Alexeev, Alexey"]
[Result "1/2-1/2"]
[ECO "C50"]
[WhiteElo "2599"]
[BlackElo "2287"]
[Annotator "ChessBase"]
[PlyCount "211"]
[EventDate "2018.10.05"]
[EventType "swiss"]
[EventCountry "RUS"]
[SourceTitle "playchess.com"]
[Source "ChessBase"]
[SourceQuality "1"]
[TimeControl "900+10"]

1. e4 e5 2. Nf3 Nc6 3. Bc4 Bc5 4. O-O Nf6 5. d3 d6 6. a4 a5 7. c3 O-O 8. Bg5 h6 9. Bh4 Be6 10. Nbd2 Qe7 11. Bd5 g5 12. Nxg5 hxg5 13. Bxg5 Kg7 14. Qf3 Rh8 15. Nc4 Nb8 16. d4 exd4 17. cxd4 Bxd4 18. Rad1 c5 19. Qg3 Kf8 20. Nxd6 Nbd7 21. Bxb7 Rd8 22. Rxd4 cxd4 23. e5 Nxe5 24. Qxe5 Qxd6 25. Bxf6 Qxe5 26. Bxe5 Rh5 27. f4 d3 28. Bf3 Rh6 29. Bc3 Bb3 30. Bxa5 Rd4 31. Bc3 Rxa4 32. h3 Rxf4 33. Bd2 Rhf6 34. Bxf4 Rxf4 35. Rf2 Rb4 36. Rd2 Bc2 37. Kf2 Rxb2 38. Be4 Rb6 39. Bxd3 Rf6+ 40. Ke3 Bb3 41. Be4 Rf1 42. Bf3 Be6 43. Kf4 Ra1 44. Rd4 Rc1 45. Kg3 Rc4 46. Rd8+ Kg7 47. Rd2 Rb4 48. Kf2 Ra4 49. Rd3 Rb4 50. Rd1 Ra4 51. Kg3 Rb4 52. h4 Ra4 53. Rc1 Rc4 54. Re1 Rb4 55. Re5 Rd4 56. Rg5+ Kh6 57. Re5 Kg7 58. Re3 Rb4 59. Re5 Rd4 60. Ra5 Rb4 61. Ra1 Rd4 62. Ra5 Rb4 63. Rg5+ Kh6 64. Re5 Kg7 65. Be4 Kf6 66. Kf4 Bc8 67. h5 Kg7 68. Re7 Kf6 69. Rc7 Be6 70. Rc5 Kg7 71. Re5 Bc8 72. g4 Bb7 73. g5 Bxe4 74. Rxe4 Rb1 75. Kf5 Rf1+ 76. Rf4 Ra1 77. Rf3 Ra5+ 78. Kg4 Ra6 79. Re3 Rb6 80. Kf5 Ra6 81. Re5 Rb6 82. h6+ Kh7 83. Re7 Kg8 84. Re8+ Kh7 85. Rf8 Rb5+ 86. Kf6 Rb6+ 87. Kxf7 Rb7+ 88. Kf6 Rb6+ 89. Kf5 Rb5+ 90. Kf6 Rb6+ 91. Ke7 Rb7+ 92. Kd6 Rb6+ 93. Kc5 Ra6 94. Rf7+ Kg8 95. Rg7+ Kh8 96. Rb7 Rg6 97. Rb8+ Kh7 98. Rb7+ Kh8 99. Kd5 Rxg5+ 100. Ke6 Rg8 101. Kf6 Rc8 102. Re7 Rb8 103. Kg6 Ra8 104. Re6 Rb8 105. h7 Rb6 106. Rxb6 1/2-1/2

[Event "RUS-chT Rapid Men 2018"]
[Site "Sochi"]
[Date "2018.10.08"]
[Round "3"]
[White "Bocharov, Ivan"]
[Black "Ozgibcev, Anatoly"]
[Result "1-0"]
[ECO "C55"]
[WhiteElo "2563"]
[BlackElo "2368"]
[Annotator "RC"]
[PlyCount "111"]
[EventDate "2018.10.05"]
[EventType "swiss"]
[EventCountry "RUS"]
[SourceTitle "playchess.com"]
[Source "ChessBase"]
[SourceQuality "1"]
[TimeControl "900+10"]

1. e4 e5 2. Bc4 Nf6 3. d3 Nc6 4. Nf3 Be7 5. O-O O-O 6. Re1 d6 7. a4 Be6 8. Nbd2 Bxc4 9. Nxc4 Re8 10. a5 a6 11. c3 h6 12. Qb3 Rb8 13. Ne3 Bf8 14. Nf5 Qd7 15. c4 Nd8 16. Be3 c6 17. Qc2 c5 18. Qd2 Nc6 19. h3 b6 20. axb6 Rxb6 21. Qe2 a5 22. Bc1 Ra8 23. Nd2 g6 24. Ne3 Nd4 25. Qd1 Bg7 26. Nd5 Rb7 27. Ra3 h5 28. Nb1 Nxd5 29. cxd5 Bf6 30. Nd2 Bd8 31. Nc4 a4 32. Be3 Nb3 33. f4 exf4 34. Bxf4 Be7 35. Rf1 Ra6 36. Qf3 Nd4 37. Qf2 Bf8 38. Kh1 Bg7 39. Raa1 Rb3 40. Rad1 Nb5 41. Rd2 a3 42. bxa3 Nxa3 43. Ne3 Nb5 44. Qh4 Rba3 45. Nc4 Ra1 46. Rdf2 Rxf1+ 47. Rxf1 Ra7 48. Qg3 Ra6 49. Bg5 Bf8 50. Bf6 Qa7 51. Qh4 Ra2 52. g4 Re2 53. gxh5 Qa2 54. Qg3 Kh7 55. hxg6+ fxg6 56. Rg1 1-0

[Event "RUS-chT Rapid Men 2018"]
[Site "Sochi"]
[Date "2018.10.08"]
[Round "3"]
[White "Savchenko, Boris"]
[Black "Shcherbakov, Ruslan"]
[Result "1-0"]
[ECO "C36"]
[WhiteElo "2562"]
[BlackElo "2516"]
[Annotator "ChessBase"]
[PlyCount "43"]
[EventDate "2018.10.05"]
[EventType "swiss"]
[EventCountry "RUS"]
[SourceTitle "playchess.com"]
[Source "ChessBase"]
[SourceQuality "1"]
[TimeControl "900+10"]

1. e4 e5 2. f4 d5 3. exd5 exf4 4. Nf3 Nf6 5. Bb5+ c6 6. dxc6 Nxc6 7. d4 Bd6 8. O-O O-O 9. c3 Nd5 10. Re1 Bg4 11. Bd3 Qf6 12. Nbd2 Qh6 13. h3 Bh5 14. Ne4 Bc7 15. Qe2 Rae8 16. Qf2 Ne3 17. Bxe3 fxe3 18. Rxe3 Bf4 19. Ree1 f5 20. Bc4+ Bf7 21. Bxf7+ Rxf7 22. Nf6+ 1-0

[Event "RUS-chT Rapid Men 2018"]
[Site "Sochi"]
[Date "2018.10.08"]
[Round "3"]
[White "Hasangatin, Ramil"]
[Black "Usmanov, Vasily"]
[Result "0-1"]
[ECO "C00"]
[WhiteElo "2485"]
[BlackElo "2453"]
[Annotator "ChessBase"]
[PlyCount "114"]
[EventDate "2018.10.05"]
[EventType "swiss"]
[EventCountry "RUS"]
[SourceTitle "playchess.com"]
[Source "ChessBase"]
[SourceQuality "1"]
[TimeControl "900+10"]

1. e4 e6 2. d3 c5 3. Nf3 Nc6 4. c3 d5 5. Nbd2 Nf6 6. g3 Be7 7. Bg2 O-O 8. O-O b6 9. Re1 Bb7 10. e5 Nd7 11. Nf1 Qc7 12. Bf4 d4 13. c4 Rae8 14. h4 Qb8 15. N1h2 Bd8 16. h5 Bc7 17. h6 g6 18. Ng4 f6 19. Qd2 Ncxe5 20. Bxe5 Bxe5 21. Nfxe5 Nxe5 22. Nxe5 fxe5 23. Bxb7 Qxb7 24. Rxe5 Rf5 25. Rxf5 exf5 26. Re1 Re7 27. Rxe7 Qxe7 28. Qf4 Kf7 29. Qb8 g5 30. Qa8 Kg6 31. Qd5 Qf6 32. Qg8+ Kxh6 33. a3 a5 34. b3 Qe7 35. Kf1 Kh5 36. Qd5 Kg6 37. Qc6+ Qf6 38. Qe8+ Kg7 39. Qd7+ Qf7 40. Qc6 Qf6 41. Qd7+ Kh6 42. Qd5 f4 43. g4 f3 44. Kg1 Kg7 45. Qb7+ Kg6 46. Qe4+ Kh6 47. Qd5 Kg7 48. Qb7+ Qf7 49. Qxb6 Qd7 50. Kf1 Qxg4 51. Qc7+ Kg6 52. Qd6+ Kh5 53. Qxc5 Qg2+ 54. Ke1 Qg1+ 55. Kd2 Qxf2+ 56. Kc1 Qe1+ 57. Kb2 Qe2+ 0-1

[Event "RUS-chT Rapid Men 2018"]
[Site "Sochi"]
[Date "2018.10.08"]
[Round "3"]
[White "Savitskiy, Sergey"]
[Black "Girshgorn, Leonid"]
[Result "1-0"]
[ECO "B15"]
[WhiteElo "2413"]
[BlackElo "1925"]
[Annotator "NA"]
[PlyCount "47"]
[EventDate "2018.10.05"]
[EventType "swiss"]
[EventCountry "RUS"]
[SourceTitle "playchess.com"]
[Source "ChessBase"]
[SourceQuality "1"]
[TimeControl "900+10"]

1. e4 c6 2. d4 d5 3. Nc3 dxe4 4. Nxe4 Nf6 5. Nxf6+ exf6 6. c3 Bd6 7. Bd3 O-O 8. Qc2 Re8+ 9. Ne2 Kh8 10. Be3 Bg4 11. O-O-O Nd7 12. h3 Bxe2 13. Qxe2 b5 14. Qf3 Qc7 15. h4 a5 16. h5 a4 17. Qf5 Nf8 18. h6 Ng6 19. g3 a3 20. b4 Qe7 21. Rh3 Bxb4 22. Rdh1 Bxc3 23. hxg7+ Kg8 24. Rxh7 1-0

[Event "RUS-chT Rapid Men 2018"]
[Site "Sochi"]
[Date "2018.10.08"]
[Round "3"]
[White "Sergeyev, Alexander"]
[Black "Dudin, Gleb"]
[Result "1-0"]
[ECO "E04"]
[WhiteElo "2397"]
[BlackElo "2178"]
[Annotator "NA"]
[PlyCount "61"]
[EventDate "2018.10.05"]
[EventType "swiss"]
[EventCountry "RUS"]
[SourceTitle "playchess.com"]
[Source "ChessBase"]
[SourceQuality "1"]
[TimeControl "900+10"]

1. d4 Nf6 2. c4 e6 3. g3 d5 4. Nf3 dxc4 5. Bg2 Bb4+ 6. Bd2 c5 7. O-O O-O 8. dxc5 Bxc5 9. Na3 Nbd7 10. Nxc4 b5 11. Ba5 Qe7 12. Nce5 Bb7 13. Nxd7 Nxd7 14. Qd3 a6 15. b4 Ba7 16. Bc7 Bd5 17. Rfd1 Nf6 18. Rac1 Qxb4 19. Be5 Ne4 20. e3 h6 21. Nd4 Nc5 22. Qf1 Bxg2 23. Qxg2 f6 24. Bd6 Rfd8 25. Nxe6 Rxd6 26. Qxa8+ Kf7 27. Qf8+ Kxe6 28. Qxd6+ Kf5 29. Rd5+ Kg6 30. Rdxc5 Bxc5 31. Qxc5 1-0

[Event "RUS-chT Rapid Men 2018"]
[Site "Sochi"]
[Date "2018.10.08"]
[Round "3"]
[White "Derjabin, Ilja"]
[Black "Tenikashvili, Georgij"]
[Result "1-0"]
[ECO "A09"]
[WhiteElo "2345"]
[BlackElo "2361"]
[Annotator "NA"]
[PlyCount "60"]
[EventDate "2018.10.05"]
[EventType "swiss"]
[EventCountry "RUS"]
[SourceTitle "playchess.com"]
[Source "ChessBase"]
[SourceQuality "1"]
[TimeControl "900+10"]

1. Nf3 d5 2. c4 dxc4 3. Na3 a6 4. Nxc4 b5 5. Ne3 Bb7 6. g3 Nf6 7. Bg2 e6 8. a4 Nbd7 9. O-O c5 10. d4 Be7 11. dxc5 Bxc5 12. Qb3 b4 13. Rd1 Qe7 14. Ne1 Bxg2 15. Kxg2 a5 16. Nd3 O-O 17. Qc4 Rfc8 18. Qh4 Bb6 19. Nc4 Bc7 20. b3 Nb6 21. Bg5 Nxc4 22. bxc4 Bb6 23. Ne5 Qb7+ 24. f3 Ne8 25. Rd7 Rc7 26. Rad1 f6 27. Qg4 f5 28. Qh5 Rxd7 29. Rxd7 g6 30. Qh6 Nc7 1-0

[Event "RUS-chT Rapid Men 2018"]
[Site "Sochi"]
[Date "2018.10.08"]
[Round "3"]
[White "Nazaretyan, Tigran"]
[Black "Jary, Sergey"]
[Result "1-0"]
[ECO "E52"]
[WhiteElo "2248"]
[BlackElo "2286"]
[Annotator "NA"]
[PlyCount "67"]
[EventDate "2018.10.05"]
[EventType "swiss"]
[EventCountry "RUS"]
[SourceTitle "playchess.com"]
[Source "ChessBase"]
[SourceQuality "1"]
[TimeControl "900+10"]

1. d4 Nf6 2. c4 e6 3. Nf3 Bb4+ 4. Nc3 d5 5. e3 O-O 6. Bd3 b6 7. O-O Bb7 8. cxd5 exd5 9. a3 Bd6 10. b4 a6 11. Qb3 Nbd7 12. a4 Qe7 13. Ba3 c6 14. a5 b5 15. Rae1 Ne4 16. Bxe4 dxe4 17. Nd2 Nf6 18. f3 exf3 19. Rxf3 Ng4 20. h3 Nh6 21. e4 Bc8 22. e5 Bb8 23. Nce4 Ba7 24. Nc5 Be6 25. Qc2 Rad8 26. Bb2 Bxc5 27. dxc5 Qg5 28. Ne4 Qh5 29. Rg3 Kh8 30. Rg5 Qh4 31. g3 Qxh3 32. Nf2 Bb3 33. Qxb3 Qd7 34. e6 1-0

[Event "RUS-chT Rapid Men 2018"]
[Site "Sochi"]
[Date "2018.10.08"]
[Round "3"]
[White "Taysayev, Timur"]
[Black "Kurbedinov, Ramis"]
[Result "0-1"]
[ECO "C60"]
[WhiteElo "2225"]
[BlackElo "2305"]
[Annotator "NA"]
[PlyCount "156"]
[EventDate "2018.10.05"]
[EventType "swiss"]
[EventCountry "RUS"]
[SourceTitle "playchess.com"]
[Source "ChessBase"]
[SourceQuality "1"]
[TimeControl "900+10"]

1. e4 e5 2. Nf3 Nc6 3. Bb5 g6 4. d4 exd4 5. Bg5 Be7 6. h4 h6 7. Bf4 a6 8. Ba4 b5 9. Bb3 d6 10. Bd5 Bd7 11. Nxd4 Nxd4 12. Qxd4 Bf6 13. e5 dxe5 14. Bxe5 c6 15. Bxf6 Qxf6 16. Qxf6 Nxf6 17. Bf3 O-O-O 18. O-O g5 19. Nc3 g4 20. Be4 b4 21. Bd3 bxc3 22. Bxa6+ Kc7 23. bxc3 Bf5 24. Bc4 Nd5 25. Rac1 Nxc3 26. Rfe1 Rhe8 27. Bxf7 Rxe1+ 28. Rxe1 Rd1 29. Rxd1 Nxd1 30. Bb3 c5 31. c4 Nb2 32. Kh2 Be6 33. Kg3 h5 34. Kf4 Bxc4 35. Kg5 Be2 36. Kxh5 g3+ 37. f3 Bxf3+ 38. Kg5 Bxg2 39. Kf4 Be4 40. Kxg3 Nd3 41. h5 Bh7 42. Kf3 Ne5+ 43. Kf4 Kd6 44. Kg5 c4 45. Kh6 cxb3 46. axb3 Bd3 47. Kg7 Nf3 48. Kf6 Kc5 49. h6 Kb4 50. Kg7 Ng5 51. h7 Nxh7 52. Kh8 Ng5 53. Kg7 Nf3 54. Kf6 Be4 55. Ke6 Kxb3 56. Kf6 Kc4 57. Ke6 Kc5 58. Kf6 Kd6 59. Kf7 Ke5 60. Kg7 Ng5 61. Kh6 Kf6 62. Kh5 Nf7 63. Kg4 Ke5 64. Kg3 Kd4 65. Kf4 Kd3 66. Kg4 Ke3 67. Kg3 Bf5 68. Kg2 Ne5 69. Kg3 Ng6 70. Kg2 Be4+ 71. Kg3 Bf3 72. Kh2 Kf2 73. Kh3 Bh5 74. Kh2 Nf4 75. Kh1 Ne2 76. Kh2 Bg4 77. Kh1 Ng3+ 78. Kh2 Nf1+ 0-1

[Event "RUS-chT Rapid Men 2018"]
[Site "Sochi"]
[Date "2018.10.08"]
[Round "3"]
[White "Kretov, Evgenij"]
[Black "Rozum, Ivan"]
[Result "1/2-1/2"]
[ECO "E30"]
[WhiteElo "2219"]
[BlackElo "2573"]
[Annotator "ChessBase"]
[PlyCount "61"]
[EventDate "2018.10.05"]
[EventType "swiss"]
[EventCountry "RUS"]
[SourceTitle "playchess.com"]
[Source "ChessBase"]
[SourceQuality "1"]
[TimeControl "900+10"]

1. d4 Nf6 2. c4 e6 3. Nc3 Bb4 4. Bg5 h6 5. Bh4 g5 6. Bg3 Ne4 7. Qc2 Nxg3 8. hxg3 Bf8 9. Nf3 Bg7 10. e3 d6 11. Bd3 Qe7 12. b4 c5 13. bxc5 dxc5 14. d5 O-O 15. Rd1 f5 16. dxe6 Bxe6 17. Nd5 Qf7 18. g4 Nc6 19. gxf5 Bxf5 20. Bxf5 Qxf5 21. Qe2 Rae8 22. O-O Re4 23. Qd3 Nb4 24. Qb1 Qe6 25. Nxb4 cxb4 26. Qxb4 Rxf3 27. gxf3 Rg4+ 28. fxg4 Qxg4+ 29. Kh1 Qh3+ 30. Kg1 Qg4+ 31. Kh1 1/2-1/2

[Event "RUS-chT Rapid Men 2018"]
[Site "Sochi"]
[Date "2018.10.08"]
[Round "3"]
[White "Okun, Evgeny"]
[Black "Gogolev, Artem"]
[Result "1/2-1/2"]
[ECO "B29"]
[WhiteElo "2163"]
[BlackElo "2389"]
[Annotator "NA"]
[PlyCount "65"]
[EventDate "2018.10.05"]
[EventType "swiss"]
[EventCountry "RUS"]
[SourceTitle "playchess.com"]
[Source "ChessBase"]
[SourceQuality "1"]
[TimeControl "900+10"]

1. e4 c5 2. Nf3 Nf6 3. Nc3 d5 4. e5 Nfd7 5. d3 e6 6. g3 Nc6 7. Bf4 Be7 8. h4 b5 9. a3 O-O 10. Bg2 Qc7 11. O-O b4 12. axb4 cxb4 13. Nxd5 exd5 14. e6 Bd6 15. exd7 Bxd7 16. Bxd6 Qxd6 17. Ng5 h6 18. Nh3 Bxh3 19. Bxh3 a5 20. Ra4 Rfe8 21. c3 Re7 22. Bg2 Qc5 23. Qb3 Rd8 24. Raa1 Re2 25. cxb4 Nxb4 26. Qa4 Rxb2 27. Qxa5 Qxa5 28. Rxa5 Rd2 29. Rb5 Nxd3 30. Rxd5 Rxd5 31. Bxd5 Nxf2 32. Bxf7+ Kxf7 33. Rxf2+ 1/2-1/2

[Event "RUS-chT Rapid Men 2018"]
[Site "Sochi"]
[Date "2018.10.08"]
[Round "4"]
[White "Bocharov, Dmitry"]
[Black "Sergeyev, Alexander"]
[Result "1-0"]
[ECO "A11"]
[WhiteElo "2557"]
[BlackElo "2397"]
[Annotator "ChessBase"]
[PlyCount "90"]
[EventDate "2018.10.05"]
[EventType "swiss"]
[EventCountry "RUS"]
[SourceTitle "playchess.com"]
[Source "ChessBase"]
[SourceQuality "1"]
[TimeControl "900+10"]

1. c4 c6 2. Nf3 d5 3. e3 Nf6 4. Nc3 g6 5. d4 Bg7 6. Bd3 O-O 7. h3 Nbd7 8. O-O a6 9. b3 b5 10. Qe2 dxc4 11. bxc4 b4 12. Ne4 c5 13. Bb2 Bb7 14. d5 a5 15. Ng3 Re8 16. e4 e6 17. Qc2 e5 18. a4 Re7 19. Nd2 Ne8 20. Nb3 Nd6 21. Ne2 Ba6 22. g3 f5 23. f3 Rf7 24. Kg2 Qc7 25. Nd2 Raf8 26. exf5 gxf5 27. g4 Nb6 28. Ng3 e4 29. fxe4 Bxb2 30. Qxb2 fxe4 31. Rxf7 Rxf7 32. Ngxe4 Nbxc4 33. Nxc4 Nxc4 34. Qe2 Qe5 35. Rd1 Nd6 36. Nxd6 Qxe2+ 37. Bxe2 Bxe2 38. Re1 Rd7 39. Ne4 Kg7 40. Rxe2 Rxd5 41. Rd2 Rxd2+ 42. Nxd2 Kf6 43. Kf3 Ke5 44. Ke3 Kd5 45. Kd3 b3 {[%emt 0:00:01] Ke4+} 1-0

[Event "RUS-chT Rapid Men 2018"]
[Site "Sochi"]
[Date "2018.10.08"]
[Round "4"]
[White "Sychev, Klementy"]
[Black "Triapishko, Alexandr"]
[Result "1/2-1/2"]
[ECO "B18"]
[WhiteElo "2534"]
[BlackElo "2508"]
[Annotator "ChessBase"]
[PlyCount "71"]
[EventDate "2018.10.05"]
[EventType "swiss"]
[EventCountry "RUS"]
[SourceTitle "playchess.com"]
[Source "ChessBase"]
[SourceQuality "1"]
[TimeControl "900+10"]

1. e4 c6 2. d4 d5 3. Nd2 dxe4 4. Nxe4 Bf5 5. Ng3 Bg6 6. c3 Nf6 7. h4 h6 8. Nh3 Nbd7 9. Bc4 Nb6 10. Bb3 e6 11. Nf4 Bh7 12. Nfh5 Nbd5 13. Qf3 a5 14. a4 Qc7 15. O-O O-O-O 16. Bd2 Rg8 17. Nxf6 Nxf6 18. Bf4 Bd6 19. Bxd6 Rxd6 20. Rfe1 Rgd8 21. Re5 Nd7 22. Re2 Nf6 23. Rae1 Kb8 24. Nf1 Bg6 25. Qg3 Nh5 26. Qh2 Nf6 27. Nd2 Bd3 28. Nc4 Bxe2 29. Nxd6 Qxd6 30. Qxd6+ Rxd6 31. Rxe2 Kc7 32. f3 Nd5 33. g3 b6 34. Kf2 Kd7 35. Bc4 Nc7 36. g4 1/2-1/2

[Event "RUS-chT Rapid Men 2018"]
[Site "Sochi"]
[Date "2018.10.08"]
[Round "4"]
[White "Shcherbakov, Ruslan"]
[Black "Lugovskoy, Maxim"]
[Result "1/2-1/2"]
[ECO "D30"]
[WhiteElo "2516"]
[BlackElo "2428"]
[Annotator "ChessBase"]
[PlyCount "78"]
[EventDate "2018.10.05"]
[EventType "swiss"]
[EventCountry "RUS"]
[SourceTitle "playchess.com"]
[Source "ChessBase"]
[SourceQuality "1"]
[TimeControl "900+10"]

1. d4 d5 2. c4 e6 3. Nf3 a6 4. Bg5 Be7 5. Bxe7 Qxe7 6. cxd5 exd5 7. Nc3 Nf6 8. e3 c6 9. Bd3 Nbd7 10. O-O O-O 11. Qc2 Re8 12. h3 Nf8 13. Rae1 Ng6 14. e4 dxe4 15. Nxe4 Nxe4 16. Bxe4 Be6 17. Re3 Qf6 18. Rfe1 Red8 19. h4 Nf8 20. Ng5 h6 21. Nf3 Bg4 22. Ne5 Be6 23. Nf3 Bg4 24. Ne5 Be6 25. Nf3 Bd5 26. Bxd5 Rxd5 27. Re5 Rad8 28. Rxd5 Rxd5 29. Re5 Rd8 30. h5 Ne6 31. Qe4 Rd7 32. g3 Rd8 33. Kg2 Rd7 34. a3 Rd8 35. b4 Rd7 36. d5 cxd5 37. Rxd5 Rxd5 38. Qxd5 Qe7 39. Qe4 Qc7 1/2-1/2

[Event "RUS-chT Rapid Men 2018"]
[Site "Sochi"]
[Date "2018.10.08"]
[Round "4"]
[White "Potapov, Pavel"]
[Black "Bocharov, Ivan"]
[Result "0-1"]
[ECO "C77"]
[WhiteElo "2515"]
[BlackElo "2563"]
[Annotator "ChessBase"]
[PlyCount "78"]
[EventDate "2018.10.05"]
[EventType "swiss"]
[EventCountry "RUS"]
[SourceTitle "playchess.com"]
[Source "ChessBase"]
[SourceQuality "1"]
[TimeControl "900+10"]

1. e4 e5 2. Nf3 Nc6 3. Bb5 a6 4. Ba4 Nf6 5. d3 d6 6. c3 g6 7. O-O Bg7 8. Re1 O-O 9. Nbd2 b5 10. Bb3 Nb8 11. Nf1 Bb7 12. Ng3 Nbd7 13. d4 Re8 14. Bc2 d5 15. exd5 exd4 16. Rxe8+ Qxe8 17. Nxd4 Nxd5 18. Bg5 Ne5 19. Qd2 Nc4 20. Qc1 b4 21. Bh6 bxc3 22. bxc3 Bxh6 23. Qxh6 Nxc3 24. Nf3 Bxf3 25. gxf3 Qe5 26. Kg2 Nd5 27. Rc1 Qf4 28. Qxf4 Nxf4+ 29. Kg1 Ne5 30. Be4 Rb8 31. Rxc7 Rb2 32. Rc5 Nh3+ 33. Kg2 Nxf2 34. Kf1 Nxe4 35. fxe4 Nf3 36. Ra5 Nxh2+ 37. Ke1 Nf3+ 38. Kd1 Rd2+ 39. Kc1 Rg2 0-1

[Event "RUS-chT Rapid Men 2018"]
[Site "Sochi"]
[Date "2018.10.08"]
[Round "4"]
[White "Khanin, Semen"]
[Black "Savitskiy, Sergey"]
[Result "1-0"]
[ECO "B67"]
[WhiteElo "2510"]
[BlackElo "2413"]
[Annotator "ChessBase"]
[PlyCount "59"]
[EventDate "2018.10.05"]
[EventType "swiss"]
[EventCountry "RUS"]
[SourceTitle "playchess.com"]
[Source "ChessBase"]
[SourceQuality "1"]
[TimeControl "900+10"]

1. e4 c5 2. Nf3 d6 3. d4 cxd4 4. Nxd4 Nf6 5. Nc3 Nc6 6. Bg5 e6 7. Qd2 a6 8. O-O-O Bd7 9. f3 h5 10. h4 Qc7 11. Nxc6 bxc6 12. Bf4 e5 13. Bg5 Be6 14. f4 exf4 15. Bxf4 Rd8 16. Bxa6 Be7 17. Be2 Ng4 18. Rhf1 O-O 19. Bg5 f6 20. Bf4 Qa5 21. Kb1 Ra8 22. b3 Rfb8 23. Bxd6 Bxd6 24. Qxd6 Bxb3 25. cxb3 Rxb3+ 26. axb3 Qxc3 27. Qe6+ Kh8 28. Ba6 Rxa6 29. Rd8+ Kh7 30. Qf5+ 1-0

[Event "RUS-chT Rapid Men 2018"]
[Site "Sochi"]
[Date "2018.10.08"]
[Round "4"]
[White "Chekhov, Sergei"]
[Black "Tekeyev, Zaur"]
[Result "0-1"]
[ECO "B30"]
[WhiteElo "2463"]
[BlackElo "2392"]
[Annotator "ChessBase"]
[PlyCount "70"]
[EventDate "2018.10.05"]
[EventType "swiss"]
[EventCountry "RUS"]
[SourceTitle "playchess.com"]
[Source "ChessBase"]
[SourceQuality "1"]
[TimeControl "900+10"]

1. e4 c5 2. Nf3 Nc6 3. c3 e6 4. d4 d5 5. exd5 exd5 6. Bb5 Bd6 7. dxc5 Bxc5 8. O-O Nge7 9. Nbd2 O-O 10. Qa4 Bf5 11. Re1 Qb6 12. Re2 a6 13. Bxc6 bxc6 14. Nb3 Bd3 15. Be3 Bxe3 16. Rxe3 Be4 17. Ng5 Nf5 18. Rh3 Qb5 19. Qa3 Rfe8 20. Nd2 h6 21. c4 Qb6 22. c5 Qb5 23. Ngxe4 dxe4 24. Re1 Nd4 25. Rf1 Rad8 26. Qe3 f5 27. Rh4 f4 28. Qe1 e3 29. fxe3 fxe3 30. Ne4 Qd3 31. Nf6+ gxf6 32. Qg3+ Kf7 33. Rxf6+ Kxf6 34. Rxh6+ Kf7 35. Qg4 Qb1+ 0-1

[Event "RUS-chT Rapid Men 2018"]
[Site "Sochi"]
[Date "2018.10.08"]
[Round "4"]
[White "Belyakov, Bogdan"]
[Black "Maletin, Pavel"]
[Result "0-1"]
[ECO "C47"]
[WhiteElo "2458"]
[BlackElo "2586"]
[Annotator "ChessBase"]
[PlyCount "96"]
[EventDate "2018.10.05"]
[EventType "swiss"]
[EventCountry "RUS"]
[SourceTitle "playchess.com"]
[Source "ChessBase"]
[SourceQuality "1"]
[TimeControl "900+10"]

1. e4 e5 2. Nf3 Nc6 3. Nc3 Nf6 4. a3 d5 5. Bb5 Nxe4 6. Nxe5 Qf6 7. Nf3 Qg6 8. Qe2 Be6 9. Nh4 Nxc3 10. dxc3 Qe4 11. Nf3 Qxe2+ 12. Kxe2 O-O-O 13. Bxc6 bxc6 14. Ng5 Bg4+ 15. f3 Re8+ 16. Kd1 Bh5 17. Nh3 f6 18. Nf4 Bf7 19. h4 c5 20. b4 Bd6 21. bxc5 Bxc5 22. Nd3 Bb6 23. a4 a5 24. Ba3 d4 25. cxd4 Bxd4 26. Rb1 Bc4 27. Kd2 Re6 28. Bc5 Bxc5 29. Nxc5 Rc6 30. Nd3 Rd8 31. Rhe1 Rcd6 32. Re3 Bxd3 33. cxd3 Rd4 34. g3 Rxa4 35. Re7 Ra3 36. Rxg7 Rdxd3+ 37. Ke2 Re3+ 38. Kf2 Rxf3+ 39. Kg2 h5 40. Rb5 Rfc3 41. Rxh5 a4 42. Ra5 Kb7 43. h5 Rc2+ 44. Kh3 Ra1 45. Rb5+ Kc6 46. Rf5 Rh1+ 47. Kg4 Rc4+ 48. Kf3 Rf1+ 0-1

[Event "RUS-chT Rapid Men 2018"]
[Site "Sochi"]
[Date "2018.10.08"]
[Round "4"]
[White "Usmanov, Vasily"]
[Black "Antipov, Mikhail Al."]
[Result "1-0"]
[ECO "D10"]
[WhiteElo "2453"]
[BlackElo "2593"]
[Annotator "ChessBase"]
[PlyCount "117"]
[EventDate "2018.10.05"]
[EventType "swiss"]
[EventCountry "RUS"]
[SourceTitle "playchess.com"]
[Source "ChessBase"]
[SourceQuality "1"]
[TimeControl "900+10"]

1. d4 Nf6 2. c4 c6 3. Nf3 d5 4. cxd5 cxd5 5. Nc3 Nc6 6. Bf4 a6 7. e3 Bg4 8. h3 Bxf3 9. Qxf3 e6 10. Bd3 Be7 11. O-O O-O 12. Rfc1 Rc8 13. Qd1 Nd7 14. a3 Na5 15. e4 Nf6 16. e5 Nd7 17. b3 Bg5 18. Bxg5 Qxg5 19. Ne2 f5 20. f4 Qe7 21. b4 Nc6 22. b5 axb5 23. Bxb5 Ndb8 24. Qa4 Rc7 25. Rc3 Rfc8 26. Rac1 h6 27. Kh2 Qh4 28. g3 Qh5 29. Ng1 g5 30. Be2 Qg6 31. Nf3 Kh8 32. Qd1 Rg8 33. Qd2 Rcg7 34. Rg1 Nd7 35. g4 gxf4 36. Qxf4 fxg4 37. Rxg4 Qf7 38. Qxh6+ Rh7 39. Qf4 Qxf4+ 40. Rxf4 Nf8 41. Bd3 Rh6 42. Rb3 Nd8 43. Rb2 Nh7 44. h4 Rf8 45. Rxf8+ Nxf8 46. Kg3 Kg7 47. Ng5 Ng6 48. Bxg6 Kxg6 49. Kg4 Kg7 50. Rb6 Rg6 51. Rd6 Nc6 52. h5 Rh6 53. Nxe6+ Kg8 54. Kg5 Rh7 55. Rxd5 Re7 56. Nf4 Rg7+ 57. Ng6 Rf7 58. e6 Rf1 59. Rd7 1-0

[Event "RUS-chT Rapid Men 2018"]
[Site "Sochi"]
[Date "2018.10.08"]
[Round "4"]
[White "Nechaev, Oleg"]
[Black "Okun, Evgeny"]
[Result "1-0"]
[ECO "A20"]
[WhiteElo "2400"]
[BlackElo "2163"]
[Annotator "NA"]
[PlyCount "91"]
[EventDate "2018.10.05"]
[EventType "swiss"]
[EventCountry "RUS"]
[SourceTitle "playchess.com"]
[Source "ChessBase"]
[SourceQuality "1"]
[TimeControl "900+10"]

1. c4 e5 2. g3 Nc6 3. Bg2 Bc5 4. Nc3 a6 5. e3 Ba7 6. Nge2 d6 7. a3 h5 8. h3 h4 9. g4 f5 10. gxf5 Bxf5 11. b4 Nf6 12. Bb2 Bd3 13. Qb3 e4 14. Nd5 Ne5 15. Bxe5 dxe5 16. Nc1 Nxd5 17. cxd5 Qg5 18. Rg1 Bb5 19. a4 Bd7 20. Ne2 Qf6 21. Nc3 Bf5 22. Nxe4 Qg6 23. d6 cxd6 24. Qd5 Bxe4 25. Qxe4 Qxe4 26. Bxe4 Kf8 27. Rc1 Bb6 28. Bxb7 Rb8 29. Bxa6 Bd8 30. Rc8 Rxc8 31. Bxc8 Kf7 32. Bb7 Kf6 33. a5 Bc7 34. Ke2 Rb8 35. a6 Bb6 36. Rc1 Ke7 37. Rc6 Ba7 38. Rc7+ Kf6 39. b5 g5 40. f3 Ke6 41. Bc8+ Kd5 42. Rxa7 Rxc8 43. Rb7 Rc2 44. a7 Ra2 45. b6 Kc6 46. Rb8 1-0

[Event "RUS-chT Rapid Men 2018"]
[Site "Sochi"]
[Date "2018.10.08"]
[Round "4"]
[White "Gogolev, Artem"]
[Black "Sharafiev, Azat"]
[Result "0-1"]
[ECO "A04"]
[WhiteElo "2389"]
[BlackElo "2432"]
[Annotator "NA"]
[PlyCount "112"]
[EventDate "2018.10.05"]
[EventType "swiss"]
[EventCountry "RUS"]
[SourceTitle "playchess.com"]
[Source "ChessBase"]
[SourceQuality "1"]
[TimeControl "900+10"]

1. Nf3 c5 2. c4 g6 3. d4 cxd4 4. Nxd4 Nc6 5. e4 Nf6 6. Nc3 d6 7. Be2 Nxd4 8. Qxd4 Bg7 9. Be3 O-O 10. Qd2 a5 11. O-O a4 12. f3 Qa5 13. Rab1 Be6 14. Rfc1 Rfc8 15. b4 axb3 16. axb3 Qb4 17. Nd5 Qxd2 18. Bxd2 Nxd5 19. cxd5 Bd7 20. Rxc8+ Rxc8 21. Rc1 Rxc1+ 22. Bxc1 Bd4+ 23. Kf1 f5 24. Bd3 fxe4 25. fxe4 Kf7 26. Bg5 Bf6 27. Bxf6 Kxf6 28. Ke2 Ke5 29. Ke3 Bg4 30. b4 g5 31. Bc2 Bh5 32. g3 h6 33. Bb3 Be8 34. Bc2 Bb5 35. Bd3 Ba4 36. Bb1 Bb3 37. Bd3 e6 38. dxe6 Bxe6 39. Be2 Ba2 40. Bd3 Bb3 41. Bb1 Bf7 42. Bc2 Bg6 43. Bd3 Bh7 44. h4 gxh4 45. gxh4 Bg6 46. Bc2 d5 47. Bd3 Bxe4 48. Be2 d4+ 49. Kd2 Kf4 50. Bd1 Kg3 51. h5 Bf3 52. Bb3 Bxh5 53. Kd3 Bf3 54. b5 h5 55. Kxd4 h4 56. Be6 h3 0-1